 Dungeon Crawl Stone Soup version 0.22-a0-866-geee5034 (webtiles) character file.

2432 Johnny the Digger (level 9, -4/65 HPs)
             Began as a Human Earth Elementalist on July 28, 2018.
             Was a Believer of Vehumet.
             Slain by a two-headed ogre
             ... wielding a +0 giant club
              (28 damage)
             ... on level 8 of the Dungeon.
             The game lasted 00:07:58 (7033 turns).

Johnny the Digger (Human Earth Elementalist)        Turns: 7033, Time: 00:07:59

Health: -4/65      AC:  3    Str:  9    XL:     9   Next: 77%
Magic:  10/18      EV: 14    Int: 18    God:    Vehumet [**....]
Gold:   351        SH:  0    Dex: 14    Spells: 16/20 levels left

rFire    . . .     SeeInvis +   C - +9 dagger of Yxtese {pierce, rPois rN+}
rCold    . . .     Gourm    .   (no shield)
rNeg     + . .     Faith    +   c - +0 robe
rPois    +         Spirit   .   (no helmet)
rElec    .         Reflect  .   x - +0 cloak
rCorr    .         Harm     .   (no gloves)
MR       .....                  (no boots)
Stlth    ++........             p - amulet of faith
HPRegen  0.20/turn              n - ring of see invisible
MPRegen  0.16/turn              H - ring of wizardry

@: no status effects
A: no striking features
a: Renounce Religion


You were on level 8 of the Dungeon.
You worshipped Vehumet.
Vehumet was pleased with you.
You were not hungry.

You visited 2 branches of the dungeon, and saw 9 of its levels.

You collected 351 gold pieces.

Inventory:

Hand Weapons
 m - a +0 dagger of speed
 r - a cursed -2 dagger
 C - the +9 dagger of Yxtese (weapon) {pierce, rPois rN+}
   (You found it on level 6 of the Dungeon)

   It inflicts extra damage upon your enemies.
   It protects you from poison.
   It protects you from negative energy.
Missiles
 b - 135 stones (quivered)
Armour
 c - a +0 robe (worn)
 x - a +0 cloak (worn)
 G - a +0 pair of gloves
Jewellery
 a - an uncursed ring of protection from fire
 n - a ring of see invisible (left hand)
 p - an amulet of faith (around neck)
 s - an uncursed ring of ice
 F - an uncursed amulet of the acrobat {unknown}
 H - a ring of wizardry (right hand)
Wands
 l - a wand of paralysis (6)
 w - a wand of random effects (27)
 y - a wand of flame (25)
Scrolls
 e - 3 scrolls of enchant weapon {unknown}
 f - 3 scrolls of blinking {unknown}
 g - 4 scrolls of magic mapping {unknown}
 h - a scroll of fear {unknown}
 i - 3 scrolls of random uselessness {unknown}
 j - 4 scrolls of teleportation {unknown}
 k - 15 scrolls of identify {unknown}
 q - 3 scrolls of fog {unknown}
 t - 2 scrolls of remove curse {unknown}
 v - a scroll of enchant armour {unknown}
 B - a scroll of immolation {unknown}
 E - a scroll of noise {unknown}
 K - a scroll of amnesia {unknown}
Potions
 o - 3 potions of invisibility
 u - a potion of cancellation {unknown}
 z - a potion of agility
 A - a potion of ambrosia {unknown}
 D - a potion of curing {unknown}
 I - a potion of mutation {unknown}
 J - a potion of magic {unknown}
Comestibles
 d - 13 rations
 L - a chunk of flesh


   Skills:
 + Level 4.2 Fighting
 + Level 4.2 Armour
 + Level 4.8 Dodging
 - Level 2.0 Stealth
 * Level 6.1 Spellcasting
   Level 1.0 Transmutations
 * Level 7.1 Earth Magic
 + Level 3.2 Evocations


You had 16 spell levels left.
You knew the following spells:

 Your Spells              Type           Power        Failure   Level  Hunger
a - Sandblast             Erth           ####..       1%          1    None
b - Stone Arrow           Conj/Erth      ###...       3%          3    ##.....

Your spell library contained the following spells:

 Spells                   Type           Power        Failure   Level  Hunger
 Summon Small Mammal      Summ           #...         4%          1    None
 Summon Ice Beast         Ice/Summ       #.......     41%         4    ####...
 Call Imp                 Summ           #.......     8%          2    None
 Passwall                 Tmut/Erth      ###.....     1%          2    None
 Call Canine Familiar     Summ           #.......     14%         3    ##.....
 Lee's Rapid Deconstruct  Erth           ####......   7%          5    #####..
 Petrify                  Tmut/Erth      ###.....     9%          4    ####...
 Summon Lightning Spire   Summ/Air       #.......     41%         4    ####...
 Summon Guardian Golem    Hex/Summ       #.......     14%         3    ##.....


Dungeon Overview and Level Annotations

Branches:
Dungeon (8/15)             Temple (1/1) D:5
   Lair: D:8-11

Altars:
Cheibriados
Dithmenos
Elyvilon
Fedhas
Kikubaaqudgha
Makhleb
Nemelex Xobeh
Okawaru
Qazlal
Sif Muna
Trog
Uskayaw
Vehumet
Wu Jian
Xom
Zin
The Shining One


Message History

Aiming: Sandblast (safe; 1% risk of failure)
Press: ? - help, Shift-Dir - straight line, f/p - gnoll sergeant
Aim: a gnoll sergeant, wielding a trident, wearing a ring mail and wearing a buckler The blast of sand hits the two-headed ogre.
The two-headed ogre is moderately wounded.
b - 136 stones The two-headed ogre hits you with a giant club!
* * * LOW HITPOINT WARNING * * *
The two-headed ogre misses you. The gnoll sergeant barely misses you.
The gnoll barely misses you.
Casting: Sandblast (safe; 1% risk of failure)
Confirm with . or Enter, or press ? or * to list all spells.
Aiming: Sandblast (safe; 1% risk of failure)
Press: ? - help, Shift-Dir - straight line, f/p - gnoll sergeant
Aim: a gnoll sergeant, wielding a trident, wearing a ring mail and wearing a buckler The blast of sand hits the two-headed ogre.
The two-headed ogre is severely wounded.
b - 135 stones The two-headed ogre hits you with a giant club!!
You die...

#####<.###.# #.#
#.#### #.......##<#
#.# #.####
#.......##.# #.#
#.#... #.......##.#
#.# #.#...
####..........#
#.#####.....
####..........)..##
#.##.......#
..................#
#.##.##.....
..>.†##.......##..#
#....†..#...
...........#.###@.#
####)####...
....)†.....#.#
#O.........# ##.#
.....###.###.#
#gg...###### #.#
#..#.# #.# #.#
#).##.# #.# #..#<#
#.. ... #..# .# #.#
...... ...##.# ....
. #.# #..... ....
#..# . #.# ##. ..
...# #.. ###


You could see a two-headed ogre, a gnoll sergeant and a gnoll.

Vanquished Creatures
  A troll (D:7)
  A hippogriff (D:7)
  A water moccasin (D:8)
  A centaur (D:7)
  2 ogres
  A big kobold (D:8)
  4 bullfrogs
  A water moccasin zombie (D:6)
  5 scorpions
  A howler monkey (D:8)
  5 crimson imps
  A bullfrog skeleton (D:6)
  4 hounds
  2 orc priests (D:4)
  3 jellies
  An orc wizard (D:4)
  A centaur skeleton (D:7)
  2 iguanas (D:8)
  8 worker ants
  A hound skeleton (D:8)
  10 adders
  6 gnolls
  A shadow imp (D:8)
  A white imp (D:6)
  An ooze (D:1)
  An adder zombie (D:8)
  A worm (D:2)
  2 dart slugs
  2 leopard geckos
  8 orcs
  4 giant cockroaches
  13 goblins
  4 hobgoblins
  2 jackals (D:2)
  2 quokkas
  A ball python (D:5)
  5 bats
  2 frilled lizards
  3 goblin skeletons
  2 hobgoblin zombies (D:6)
  A jackal skeleton (D:4)
  6 kobolds
  2 kobold skeletons (D:6)
  3 kobold zombies (D:6)
  A leopard gecko skeleton (D:6)
  An orc skeleton (D:6)
  A quokka zombie (D:5)
  4 rats
136 creatures vanquished.

Notes
Turn   | Place    | Note
-------+----------+-------------------------------------------
     0 | D:1      | Johnny the Human Earth Elementalist began the quest for the Orb.
     0 | D:1      | Reached XP level 1. HP: 13/13 MP: 3/3
   426 | D:1      | Reached XP level 2. HP: 19/19 MP: 3/5
   972 | D:1      | Reached XP level 3. HP: 24/25 MP: 6/6
  1226 | D:2      | Reached XP level 4. HP: 23/31 MP: 4/7
  1278 | D:2      | Reached skill level 1 in Fighting
  1352 | D:2      | Reached skill level 1 in Armour
  1487 | D:2      | Found a sparkling altar of Nemelex Xobeh.
  1491 | D:2      | Found a white marble altar of Elyvilon.
  1617 | D:2      | Reached XP level 5. HP: 16/37 MP: 6/9
  2084 | D:3      | Reached skill level 4 in Earth Magic
  2876 | D:4      | Reached XP level 6. HP: 33/44 MP: 10/10
  3223 | D:5      | Entered Level 5 of the Dungeon
  3225 | D:5      | Found a staircase to the Ecumenical Temple.
  3242 | Temple   | Entered the Ecumenical Temple
  3320 | Temple   | Became a worshipper of Vehumet
  3386 | D:5      | Found an iron altar of Okawaru.
  3465 | D:5      | Reached XP level 7. HP: 15/50 MP: 2/12
  4012 | D:5      | Learned a level 3 spell: Stone Arrow
  4084 | D:4      | Reached skill level 5 in Earth Magic
  4951 | D:6      | Reached XP level 8. HP: 51/57 MP: 1/14
  5071 | D:6      | Reached skill level 1 in Evocations
  5170 | D:6      | Reached * piety under Vehumet
  5170 | D:6      | Offered knowledge of Sting by Vehumet.
  5467 | D:6      | Got a crude dagger
  5468 | D:6      | Identified the +9 dagger of Yxtese {pierce, rPois rN+} (You found it on level 6 of the Dungeon)
  5527 | D:6      | Reached skill level 5 in Spellcasting
  5754 | D:6      | Found a glowing golden altar of the Shining One.
  5815 | D:6      | Found a burning altar of Makhleb.
  5816 | D:6      | Found a glowing silver altar of Zin.
  5816 | D:6      | Noticed an angel
  5817 | D:6      | Noticed a green death
  5925 | D:7      | Noticed a hippogriff
  5930 | D:7      | Killed a hippogriff
  5930 | D:7      | Reached skill level 6 in Earth Magic
  5931 | D:7      | Reached XP level 9. HP: 25/64 MP: 13/16
  6126 | D:7      | Reached ** piety under Vehumet
  6126 | D:7      | Offered knowledge of Freeze by Vehumet.
  6313 | D:7      | Noticed a troll
  6319 | D:7      | Killed a troll
  6455 | D:7      | You fall through a shaft!
  6562 | D:8      | Reached skill level 7 in Earth Magic
  7005 | D:8      | Offered knowledge of Conjure Flame by Vehumet.
  7025 | D:8      | Noticed a two-headed ogre
  7033 | D:8      | Slain by a two-headed ogre

Vault maps used:
D:1:      eino_arrival_druids_welcome
D:2:      kennysheep_the_goblin_king, grunt_temple_overflow_open
D:4:      grunt_ministairs_2, minmay_misc_feat_ornament
D:5:      okawaru_trees_2, temple_statues, first_ration
D:6:      grunt_temple_overflow_order_and_chaos_2, minmay_misc_feat_x,
          minmay_misc_feat_enclosed, nicolae_tso_besieged_by_evil
D:7:      serial_corexii_hall, corexii_hall_statues_l, corexii_hall_statues_t
Temple:   minmay_crystal_spiral_temple

Skill      XL: |  1  2  3  4  5  6  7  8  9 |
---------------+----------------------------+-----
Fighting       | 1 2 3 4 |  4.2
Armour         | 1 2 3 4 |  4.2
Spellcasting   | 3 4 5 6 |  6.1
Earth Magic    | 4 5 6 7 |  7.1
Dodging        | 3 4 |  4.8
Evocations     | 2 3 |  3.2
Stealth        | |  2.0
Transmutations | |  1.0

Action                   |  1- 3 |  4- 6 |  7- 9 || total
-------------------------+-------+-------+-------++-------
Melee: Unarmed           |    19 |       |       ||    19
       Dagger            |    17 |   149 |   171 ||   337
 Cast: Sandblast         |    22 |    55 |    82 ||   159
       Stone Arrow       |       |       |    27 ||    27
Evoke: Wand              |       |       |     7 ||     7
  Use: Potion            |       |       |     6 ||     6
 Stab: Sleeping          |     1 |     4 |     2 ||     7
       Paralysed         |       |       |     4 ||     4
       Distracted        |       |       |     1 ||     1
  Eat: Chunk             |     1 |     7 |    10 ||    18
       Ration            |       |       |     1 ||     1
Armor: Robe              |     4 |    33 |    23 ||    60
       Skin              |       |       |     3 ||     3
Dodge: Dodged            |    25 |   118 |   146 ||   289

Table legend:
 A = Spawn XP
 B = Non-spawn XP
 C = Spawn XP percentage of total XP
 D = Spawn monster count
 E = Non-spawn monster count
 F = Spawn count percentage of total count
 G = Total turns spent on level
                    A         B        C        D         E        F      G
               +---------+---------+-------+---------+---------+-------+---------
         Total |       0 |    3475 |   0.0 |       0 |     136 |   0.0 |  7033
               +---------+---------+-------+---------+---------+-------+---------
           D:1 |       0 |      31 |   0.0 |       0 |      14 |   0.0 |  1079
           D:2 |       0 |     133 |   0.0 |       0 |      27 |   0.0 |   949
           D:3 |       0 |     103 |   0.0 |       0 |      11 |   0.0 |   880
           D:4 |       0 |     355 |   0.0 |       0 |      16 |   0.0 |  1007
           D:5 |       0 |     371 |   0.0 |       0 |      12 |   0.0 |   911
           D:6 |       0 |     715 |   0.0 |       0 |      25 |   0.0 |   964
           D:7 |       0 |     898 |   0.0 |       0 |       9 |   0.0 |   544
           D:8 |       0 |     869 |   0.0 |       0 |      22 |   0.0 |   578
               +---------+---------+-------+---------+---------+-------+---------
